 Dungeon Crawl Stone Soup version 0.25-a0-589-g1e14c549ee (webtiles) character file.

Game seed: 11068118262297587113, levelgen mode: deterministic

404 Lentor the Chopper (level 6, -10/48 HPs)
             Began as a Demonspawn Fighter on Mar 9, 2020.
             Mangled by a big kobold
             ... wielding a +2 whip of electrocution
              (16 damage)
             ... in a sewer.
             The game lasted 00:09:25 (3381 turns).

Lentor the Chopper (Demonspawn Fighter)             Turns: 3381, Time: 00:09:26

Health: -10/48     AC:  5    Str: 18    XL:     6   Next: 56%
Magic:  0/6        EV:  6    Int: 10    God:
Gold:   168        SH: 13    Dex: 12    Spells: 5/5 levels left

rFire    . . .     SeeInvis .   a - +0 war axe
rCold    . . .     Gourm    .   t - +0 tower shield
rNeg     . . .     Faith    .   b - +0 scale mail
rPois    +         Spirit   +   (no helmet)
rElec    .         Reflect  .   u - +0 cloak
rCorr    .         Harm     .   (no gloves)
MR       .....                  (no boots)
Stlth    ..........             (no amulet)
HPRegen  0.16/turn              (no ring)
MPRegen  0.10/turn              (no ring)

@: mighty, very slow
A: blink, deformed body, poison resistance, powered by pain 1, magic shield,
sturdy frame 1
a: Blink


You were in a sewer.
You were not hungry.

You visited 1 branch of the dungeon, and saw 4 of its levels.
You also visited: Sewer.

You collected 168 gold pieces.

Inventory:

Hand Weapons
 a - a +0 war axe (weapon)
Missiles
 q - 13 poisoned darts (quivered)
Armour
 b - a +0 scale mail (worn)
 t - a +0 tower shield (worn)
 u - a +0 cloak (worn)
Scrolls
 h - a scroll of enchant weapon {unknown}
 k - a scroll of enchant armour {unknown}
 m - a scroll of noise {unknown}
 n - 2 scrolls of teleportation {unknown}
 p - a scroll of identify
 r - a scroll of random uselessness {unknown}
Potions
 d - 2 potions of might
 e - a potion of haste
 i - a potion of stabbing
 j - a potion of degeneration
 l - a potion of flight
 o - a potion of ambrosia {unknown}
 s - a potion of curing {unknown}
Comestibles
 c - 2 chunks of flesh
 f - 5 rations


   Skills:
 + Level 3.7 Fighting
 + Level 4.4 Axes
 + Level 3.5 Armour
 + Level 1.3 Dodging
 + Level 0.1 Stealth
 + Level 3.9 Shields


You had 5 spell levels left.
You didn't know any spells.
Your spell library was empty.

Dungeon Overview and Level Annotations

Branches:
Dungeon (4/15)              Sewer (1/1)
 Temple: D:4-7

Altars:
Ashenzari


Innate Abilities, Weirdness & Mutations

You sometimes gain a little power by taking damage.
When hurt, damage is shared between your health and your magic reserves.
Your movements are slightly less encumbered by armour. (ER -2)
You can translocate small distances at will.
Armour fits poorly on your strangely shaped body.
Your system is resistant to poisons. (rPois)


Message History

The big kobold hits you with a +2 whip of electrocution.
You are electrocuted!!
You focus on the pain.
You feel very mighty all of a sudden. The kobold hits you.
You block the big kobold's attack.
Your unstable footing causes you to fumble your attack.
The kobold hits you.
The big kobold hits you but does no damage.
You slash the kobold!
You kill the kobold!
You closely miss the big kobold.
The big kobold splashes around in the water.
The big kobold hits you with a +2 whip of electrocution!
You are electrocuted!
* * * LOW HITPOINT WARNING * * *
You barely miss the big kobold.
The big kobold is lightly wounded.
The big kobold hits you with a +2 whip of electrocution.
* * * LOW HITPOINT WARNING * * *
You are electrocuted!!
You die...

####### #####≈K≈≈.#
#######≈(((@# ≈≈
##...≈..≈###≈≈≈≈.#
≈# #≈≈.≈≈≈.≈#
#######
.####.≈.≈..≈≈###.≈≈≈
≈≈##≈≈..####.≈≈≈≈#
≈≈≈≈≈≈≈## #####.≈≈≈
≈.≈.≈.## ## ≈.≈..≈#
.≈≈≈≈≈#


You could see a big kobold.

Vanquished Creatures
  A big kobold (Sewer)
  A howler monkey (D:4)
  2 hounds
  An orc wizard (D:2)
  A worker ant (D:2)
  6 adders
  3 gnolls (D:4)
  An ooze (D:2)
  4 worms
  A dart slug (D:3)
  5 leopard geckos
  3 orcs (D:2)
  A ball python (Sewer)
  2 bats
  2 giant cockroaches (D:2)
  8 goblins
  4 hobgoblins
  13 jackals
  8 kobolds
  A quokka (D:2)
  7 frilled lizards
  11 rats
86 creatures vanquished.

Notes
Turn   | Place    | Note
-------+----------+-------------------------------------------
     0 | D:1      | Lentor the Demonspawn Fighter began the quest for the Orb.
     0 | D:1      | Reached XP level 1. HP: 18/18 MP: 1/1
    10 | D:1      | Found a shattered altar of Ashenzari.
   450 | D:1      | Gained mutation: You sometimes gain a little power by
                  | taking damage. [demonic ancestry]
   450 | D:1      | Reached XP level 2. HP: 24/24 MP: 2/2
  1034 | D:2      | Reached skill level 2 in Axes
  1044 | D:2      | Reached XP level 3. HP: 17/29 MP: 3/3
  1205 | D:2      | Reached skill level 3 in Axes
  1205 | D:2      | Reached XP level 4. HP: 29/35 MP: 4/4
  1336 | D:2      | HP: 1/35 [poisoned by an adder]
  1337 | D:2      | Gained mutation: You are resistant to hostile enchantments.
                  | (MR+) [potion of mutation]
  1337 | D:2      | Gained mutation: You expend magic power (3 MP) to
                  | strengthen your wands. [potion of mutation]
  1391 | D:2      | Lost mutation: You are resistant to hostile enchantments.
                  | (MR+) [potion of mutation]
  1391 | D:2      | Lost mutation: You expend magic power (3 MP) to strengthen
                  | your wands. [potion of mutation]
  1391 | D:2      | Gained mutation: Your system is resistant to poisons.
                  | (rPois) [potion of mutation]
  1391 | D:2      | Gained mutation: Armour fits poorly on your strangely
                  | shaped body. [potion of mutation]
  1391 | D:2      | Gained mutation: You can translocate small distances at
                  | will. [potion of mutation]
  1913 | D:2      | Gained mutation: Your movements are slightly less
                  | encumbered by armour. (ER -2) [demonic ancestry]
  1913 | D:2      | Reached XP level 5. HP: 21/41 MP: 5/5
  3074 | D:4      | Reached skill level 1 in Dodging
  3114 | D:4      | Gained mutation: When hurt, damage is shared between your
                  | health and your magic reserves. [demonic ancestry]
  3114 | D:4      | Reached XP level 6. HP: 41/48 MP: 6/6
  3203 | D:4      | Reached skill level 4 in Axes
  3262 | D:4      | Found a glowing drain.
  3266 | Sewer    | Entered a sewer
  3381 | Sewer    | Mangled by a big kobold

Levels and vault maps discovered:
D:1:      scummos_arrival_forest, layout_basic, evilmike_ruin_ashenzari
D:2:      layout_basic, minmay_cut_off
D:3:      layout_rooms, first_ration, item_on_display_a
D:4:      layout_loops_ring, amethyst_overflow_temple_binary,
          gup_sewer_entry_spiral, sigmund_edmund_badplayer, uniq_eustachio
Sewer:    sewer_co_tree

Skill      XL: |  1  2  3  4  5  6 |
---------------+-------------------+-----
Shields        | 3 |  3.9
Armour         | 3 |  3.5
Axes           | 2 3 4 |  4.4
Dodging        | 1 |  1.3
Fighting       | |  3.7
Stealth        | |  0.1

Action                   |  1- 3 |  4- 6 || total
-------------------------+-------+-------++-------
Melee: War axe           |    65 |   240 ||   305
  Use: Potion            |       |     4 ||     4
       Scroll            |       |     4 ||     4
  Eat: Chunk             |     1 |     8 ||     9
Armor: Scale mail        |    35 |    83 ||   118
Dodge: Dodged            |    19 |    89 ||   108
Block: Kite shield       |    35 |    98 ||   133
       Tower shield      |       |    50 ||    50

Table legend:
 A = Non-vault XP
 B = Vault XP
 C = Vault XP percentage of total XP
 D = Non-vault monster count
 E = Vault monster count
 F = Vault count percentage of total count
                 A         B        C        D         E       F
            +---------+---------+-------+---------+---------+-------
      Total |     453 |     125 |  21.6 |      74 |      12 |  14.0
            +---------+---------+-------+---------+---------+-------
        D:1 |      14 |       0 |   0.0 |       7 |       0 |   0.0
        D:2 |     227 |      19 |   7.7 |      38 |       5 |  11.6
        D:3 |      67 |       0 |   0.0 |      22 |       0 |   0.0
        D:4 |     145 |       5 |   3.3 |       7 |       3 |  30.0
      Sewer |       0 |     101 | 100.0 |       0 |       4 | 100.0
            +---------+---------+-------+---------+---------+-------
